Map: 国王藏宝地-天梯版

Players

MeomaikA - Winner!

  • Race: Zerg Zerg
  • League: Bronze

Crimson

  • Race: Zerg Zerg
  • League: Master

Event: WESG 2018 Grand Finals

VOD

Have the link to the VOD?

Description

Time

  • Played on: March 11, 2019, 2:31 a.m.
  • Length: 10:55

All games in this series

Show
View Real Time Build Order
Export as new Build Order

MeomaikA Zerg - Winner!

Build Orders: Pool First 

Get SALT Encoding   

  12  0:00  Drone  
  13  0:08  Drone  
  14  0:17  Overlord  
  14  0:25  Drone, Extractor  
  15  0:38  Spawning Pool  
  15  0:41  Drone  
  15  0:45  Drone  
  15  0:49  Drone  
  17  1:11  Hatchery  
  16  1:13  Drone  
  16  1:16  Extractor  
  16  1:25  Zergling x4  
  18  1:26  Zergling x2  
  19  1:35  Queen  
  19  1:39  Drone  
  22  1:50  Overlord  
  23  2:08  Drone  
  23  2:09  Drone  
  23  2:10  Queen  
  26  2:15  Metabolic Boost  
  26  2:21  Drone  
  27  2:23  Drone  
  28  2:32  Drone  
  28  2:33  Drone  
  30  2:42  Drone  
  31  2:44  Drone  
  31  2:45  Overlord, Zergling x2  
  31  2:53  Zergling x2  
  31  2:55  Zergling x2  
  31  2:58  Baneling Nest  
  31  3:05  Zergling x2  
  31  3:06  Zergling x2  
  33  3:15  Zergling x4  
  33  3:16  Zergling x4  
  38  3:20  Zergling x2  
  38  3:28  Overlord, Drone x2  
  38  3:31  Overlord  
  40  3:44  Zergling x2, Drone x2  
  40  3:47  Baneling  
  40  3:48  Baneling x6  
  43  3:50  Drone  
  43  3:52  Drone  
  43  3:55  Drone  
  46  3:57  Drone  
  46  4:02  Drone  
  45  4:03  Drone  
  45  4:04  Drone  
  45  4:07  Drone  
  45  4:09  Drone  
  48  4:17  Zergling x4  
  49  4:27  Drone  
  49  4:28  Drone  
  50  4:36  Zergling x2  
  50  4:37  Drone  
  45  4:48  Zergling x2  
  45  4:49  Zergling x2  
  45  4:52  Evolution Chamber, Zergling x6  
  47  4:59  Zergling x2, Hatchery  
  47  5:00  Drone  
  47  5:01  Baneling x3  
  47  5:04  Queen  
  50  5:08  Drone x2  
  50  5:09  Drone  
  50  5:11  Drone  
  50  5:14  Extractor  
  53  5:18  Drone  
  52  5:23  Drone  
  52  5:24  Zergling x2, Drone x2  
  52  5:28  Zerg Ground Armor Level 1  
  54  5:32  Zergling x4  
  54  5:35  Zergling x2  
  57  5:38  Zergling x2  
  57  5:39  Zergling x2  
  59  5:43  Zergling x2  
  59  5:47  Overlord x2  
  60  6:04  Overlord x2  
  60  6:14  Drone  
  60  6:15  Drone x4  
  60  6:16  Drone x2  
  60  6:18  Drone x2  
  65  6:21  Zergling x6  
  65  6:24  Drone  
  67  6:29  Drone  
  67  6:32  Drone  
  69  6:34  Zergling x4  
  69  6:35  Zergling x4  
  69  6:39  Hatchery  
  70  6:41  Zergling x2  
  70  6:44  Zergling x2  
  70  6:46  Zergling x4  
  69  6:48  Zergling x4  
  69  6:51  Queen  
  72  6:55  Zergling x4  
  72  6:56  Zergling x4  
  72  6:57  Zergling x2  
  72  6:59  Zergling x2  
  78  7:03  Zergling x6  
  78  7:05  Zergling x2  
  82  7:10  Zergling x2  
  83  7:15  Drone  
  83  7:19  Zergling x2  
  83  7:20  Zergling x6  
  83  7:21  Zergling x2  
  85  7:24  Zergling x4  
  85  7:25  Zergling x2, Zerg Melee Weapons Level 1  
  85  7:26  Zergling x2  
  85  7:27  Lair  
  88  7:30  Zergling x4  
  88  7:31  Zergling x2  
  88  7:32  Zergling x4  
  91  7:37  Zergling x2  
  91  7:40  Zergling x2  
  91  7:41  Zergling x2  
  88  7:48  Zergling x2  
  88  7:50  Zergling x2  
  84  7:51  Roach Warren  
  84  7:52  Zergling x2  
  84  7:55  Zergling x4  
  83  7:58  Zergling x2  
  83  8:01  Zergling x2  
  83  8:02  Zergling x4  
  83  8:03  Zergling x2  
  83  8:04  Zergling x2  
  82  8:06  Zergling x4  
  82  8:08  Zergling x6  
  82  8:12  Zergling x2, Drone  
  89  8:14  Drone  
  89  8:16  Zergling x2  
  89  8:18  Hatchery  
  86  8:23  Overlord x2  
  85  8:30  Baneling  
  85  8:31  Zergling x2, Baneling x15  
  85  8:32  Zergling x14  
  93  8:38  Roach x4  
  100  8:41  Spine Crawler  
  100  8:43  Roach  
  100  8:45  Roach  
  100  8:47  Roach  
  100  8:48  Roach  
  99  8:56  Zergling x4  
  99  8:59  Zergling x14  
  99  9:00  Zergling x2  
  98  9:03  Drone x2  
  98  9:06  Drone  
  98  9:07  Glial Reconstitution  
  100  9:15  Drone  
  100  9:17  Drone x3  
  101  9:18  Drone  
  101  9:22  Drone x2  
  104  9:25  Drone x2  
  104  9:26  Drone  
  104  9:28  Drone  
  104  9:30  Roach  
  104  9:31  Drone  
  104  9:34  Roach  
  102  9:39  Roach x3  
  102  9:42  Roach, Extractor  
  102  9:44  Extractor  
  112  9:45  Roach x2  
  112  9:50  Roach  
  112  9:51  Roach  
  116  9:55  Spine Crawler x2  
  116  9:56  Roach x2  
  118  10:03  Baneling  
  118  10:04  Baneling x8  
  118  10:05  Baneling  
  118  10:06  Zergling x8  
  122  10:07  Zergling x2  
  122  10:08  Zergling x2  
  122  10:09  Zergling x2  
  125  10:24  Zergling x2  
  125  10:25  Zergling x4  
  125  10:26  Zergling x2  
  125  10:27  Zergling x2  
  126  10:29  Overlord x2  
  126  10:30  Hatchery  
  126  10:32  Zergling x2  
  126  10:33  Zergling x4  
  126  10:35  Zergling x2  
  125  10:36  Zergling x2  
  125  10:37  Zergling x6  
  125  10:38  Zergling x2  
  121  10:54  Infestation Pit  
Show
View Real Time Build Order
Export as new Build Order

Crimson Zerg 

Build Orders: Hatch First, Zergling Baneling 

Get SALT Encoding   

  12  0:00  Drone  
  13  0:12  Overlord  
  13  0:17  Drone  
  14  0:31  Drone x2  
  16  0:49  Hatchery  
  15  0:52  Drone  
  15  0:56  Drone  
  17  1:00  Drone  
  18  1:10  Extractor  
  17  1:15  Spawning Pool  
  17  1:18  Drone  
  17  1:21  Drone  
  18  1:28  Drone  
  19  1:39  Drone  
  20  1:49  Drone  
  21  1:59  Overlord  
  21  2:01  Drone  
  21  2:03  Queen x2  
  26  2:13  Metabolic Boost  
  26  2:16  Zergling x2  
  26  2:17  Zergling x2  
  26  2:22  Zergling x4  
  27  2:45  Drone x4  
  30  2:54  Baneling Nest  
  30  2:57  Drone  
  30  3:06  Overlord  
  30  3:09  Zergling x2  
  30  3:10  Zergling x2  
  32  3:17  Drone x2  
  34  3:24  Zergling x6  
  37  3:29  Zergling x4  
  37  3:30  Zergling x2  
  37  3:33  Zergling x2  
  41  3:39  Zergling x4  
  41  3:40  Baneling x2  
  42  3:42  Baneling x2  
  42  3:45  Baneling x2  
  42  3:48  Zergling x2  
  43  3:53  Baneling  
  44  3:55  Drone  
  43  4:06  Overlord  
  43  4:14  Overlord  
  43  4:20  Overlord  
  43  4:23  Baneling x2  
  40  4:35  Drone x6  
  44  4:40  Drone x3  
  43  4:53  Zergling x4  
  45  5:01  Zergling x4, Hatchery  
  45  5:05  Evolution Chamber  
  45  5:06  Queen  
  45  5:09  Overlord  
  45  5:22  Drone x2  
  45  5:23  Drone x3  
  45  5:28  Extractor  
  48  5:29  Extractor  
  48  5:31  Zerg Missile Weapons Level 1  
  48  5:32  Drone x3  
  48  5:34  Roach Warren  
  48  5:35  Roach Warren  
  49  5:39  Drone  
  49  5:45  Drone  
  49  5:46  Drone x5  
  55  5:50  Lair  
  55  6:00  Drone x5  
  55  6:04  Overlord  
  58  6:14  Zergling x2  
  58  6:15  Zergling x6  
  58  6:16  Zergling x4  
  60  6:20  Baneling x2  
  60  6:22  Zergling x2  
  60  6:26  Roach  
  60  6:27  Roach  
  60  6:31  Overlord  
  64  6:32  Extractor  
  64  6:34  Baneling x2  
  64  6:39  Drone x5  
  62  6:50  Queen  
  62  6:53  Drone x3  
  62  6:54  Drone x2  
  68  6:56  Glial Reconstitution  
  68  6:58  Drone x2  
  68  6:59  Drone  
  71  7:02  Roach  
  71  7:04  Roach  
  71  7:07  Roach  
  75  7:12  Baneling x2  
  75  7:13  Evolution Chamber  
  75  7:14  Roach  
  75  7:15  Roach  
  78  7:21  Roach  
  78  7:22  Roach x2  
  82  7:30  Zerg Missile Weapons Level 2  
  82  7:31  Roach x3  
  82  7:34  Roach  
  84  7:41  Roach  
  75  7:45  Roach  
  76  7:51  Roach x2  
  76  7:56  Roach x2  
  77  8:07  Drone  
  77  8:09  Roach x2  
  77  8:12  Overlord  
  82  8:18  Overlord  
  82  8:31  Overlord  
  82  8:33  Overlord  
  82  8:35  Hatchery  
  82  8:39  Roach  
  83  8:44  Overlord x2  
  83  8:46  Roach x2  
  81  8:59  Roach x5  
  69  9:03  Roach  
  69  9:04  Roach  
  65  9:10  Roach x2  
  65  9:13  Roach  
  65  9:15  Ravager  
  72  9:23  Roach x3  
  78  9:26  Roach  
  78  9:29  Roach  
  79  9:36  Roach x2  
  83  9:39  Roach  
  83  9:41  Roach  
  87  9:46  Roach  
  87  9:47  Roach  
  87  9:52  Roach  
  93  9:53  Ravager x2  
  93  9:56  Roach  
  97  10:00  Roach  
  97  10:04  Roach  
  97  10:05  Roach  
  103  10:08  Roach  
  103  10:11  Roach  
  105  10:23  Roach x3  
  105  10:26  Roach  
Tags
 
Add a new tag
Caveats
  • Supply blocks, unpowered buildings, or Contaminate may cause inaccurate times.
  • Supply counts are checked every 10 seconds.